 Dungeon Crawl Stone Soup version 0.23.2-33-g5129a83184 (webtiles) character file.

Game seed: 7157582595510698878

280 troglodite the Charmwright (level 6, -3/50 HPs)
             Began as a Gnoll Skald on June 27, 2019.
             Slain by a worker ant (7 damage)
             ... on level 4 of the Dungeon.
             The game lasted 00:07:22 (2846 turns).

troglodite the Charmwright (Gnoll Skald)            Turns: 2846, Time: 00:07:23

Health: -3/50      AC:  4    Str: 13    XL:     6   Next: 27%
Magic:  2/14       EV: 14    Int: 18    God:
Gold:   159        SH:  0    Dex: 14    Spells: 8/15 levels left

rFire    . . .     SeeInvis .   a - +0 spear
rCold    . . .     Gourm    .   (no shield)
rNeg     . . .     Faith    .   b - +0 leather armour
rPois    .         Spirit   .   i - +0 hat
rElec    .         Reflect  .   (no cloak)
rCorr    .         Harm     .   e - +0 pair of gloves
MR       .....                  (no boots)
Stlth    ++........             (no amulet)
HPRegen  0.16/turn              (no ring)
MPRegen  0.14/turn              (no ring)

@: lethally poisoned (-3 -> -7), very slightly contaminated
A: distributed training, fangs 1, strong nose
a: no special abilities


You were on level 4 of the Dungeon.
You were hungry.

You visited 1 branch of the dungeon, and saw 4 of its levels.

You collected 159 gold pieces.

Inventory:

Hand Weapons
 a - a +0 spear (weapon)
Missiles
 y - 6 javelins (quivered)
Armour
 b - a +0 leather armour (worn)
 e - a +0 pair of gloves (worn)
 i - a +0 hat (worn)
Wands
 k - a wand of paralysis (2)
Scrolls
 c - 2 scrolls of teleportation
 f - a scroll of identify {unknown}
 n - a scroll of enchant armour {unknown}
 o - a scroll of noise {unknown}
 q - 3 scrolls of magic mapping {unknown}
 s - a scroll of fog {unknown}
 w - a scroll of amnesia {unknown}
 x - a scroll of remove curse
Potions
 g - 3 potions of curing {unknown}
 h - 2 potions of heal wounds {unknown}
 j - a potion of resistance {unknown}
 l - a potion of ambrosia {unknown}
 m - a potion of brilliance {unknown}
 p - a potion of degeneration {unknown}
 r - a potion of might {unknown}
 t - a potion of agility
 u - a potion of lignification {unknown}
Comestibles
 d - 4 rations


   Skills:
 + Level 4.9 Fighting
 + Level 1.8 Short Blades
 + Level 1.8 Long Blades
 + Level 1.8 Axes
 + Level 1.8 Maces & Flails
 + Level 4.9 Polearms
 + Level 1.8 Staves
 + Level 1.8 Slings
 + Level 1.8 Bows
 + Level 1.8 Crossbows
 + Level 1.8 Throwing
 + Level 3.2 Armour
 + Level 4.9 Dodging
 + Level 1.8 Stealth
 + Level 1.8 Shields
 + Level 1.8 Unarmed Combat
 + Level 5.3 Spellcasting
 + Level 1.4 Conjurations
 + Level 1.4 Hexes
 + Level 5.6 Charms
 + Level 1.4 Summonings
 + Level 1.4 Necromancy
 + Level 1.4 Translocations
 + Level 1.4 Transmutations
 + Level 1.4 Fire Magic
 + Level 1.4 Ice Magic
 + Level 1.4 Air Magic
 + Level 1.4 Earth Magic
 + Level 1.4 Poison Magic
 + Level 2.0 Invocations
 + Level 1.8 Evocations


You had 8 spell levels left.
You knew the following spells:

 Your Spells              Type           Power        Failure   Level  Hunger
a - Infusion              Chrm           ####         1%          1    None
b - Spectral Weapon       Hex/Chrm       ###.....     12%         3    ##.....
c - Regeneration          Chrm/Necr      ###.......   12%         3    ##.....

Your spell library contained the following spells:

 Spells                   Type           Power        Failure   Level  Hunger
 Song of Slaying          Chrm           ####....     2%          2    #......
 Shroud of Golubria       Chrm/Tloc      ###.......   6%          2    #......


Dungeon Overview and Level Annotations

Branches:
Dungeon (4/15)
 Temple: D:4-7

Altars:


Innate Abilities, Weirdness & Mutations

Your experience applies equally to all skills.
You have very sharp teeth.
Your uncanny sense of smell can sniff out nearby items.


Message History

All of the chunks of flesh in your inventory have rotted away.
You hit the hound.
You kill the hound!
The worker ant barely misses you. The worker ant bites you.
* * * LOW HITPOINT WARNING * * *
The worker ant waves its antennae.
Things that are here:
a +0 giant spiked club; an ogre corpse You hit the worker ant.
The worker ant is lightly wounded.
The worker ant bites you!
* * * LOW HITPOINT WARNING * * *
You are lethally poisoned!
The worker ant poisons you!
You completely miss the worker ant.
The worker ant is lightly wounded.
* * * LOW HITPOINT WARNING * * *
You feel sick. The worker ant bites you!
You die...

#.. .# #.# .# #.# .###
#.# ... ####.####.#
##.##......###.#
#......#.<.....###
###.###.#.#####.#.#
#.......#@##.....##
#.#.##...a...##.#.#.#
##.#.##.##...........
#....##.##.......#..#
#..####.##.......#..#
#..####.##.###†#..$.#
#............#.#.#.###.#
#.######.....#.#.......
#.. #.....#.....###


You could see a worker ant.

Vanquished Creatures
  An ogre (D:4)
  A hound (D:4)
  A worker ant (D:4)
  4 gnolls (D:3)
  2 adders
  2 oozes (D:1)
  A worm (D:2)
  4 dart slugs
  A leopard gecko (D:2)
  A giant cockroach (D:3)
  8 hobgoblins
  3 jackals (D:1)
  A quokka (D:2)
  A ball python (D:1)
  6 bats
  3 frilled lizards
  9 goblins
  12 kobolds
  5 rats
66 creatures vanquished.

Vanquished Creatures (others)
  2 spectral weapons
2 creatures vanquished.

Grand Total: 68 creatures vanquished

Notes
Turn   | Place    | Note
-------+----------+-------------------------------------------
     0 | D:1      | troglodite the Gnoll Skald began the quest for the Orb.
     0 | D:1      | Reached XP level 1. HP: 20/20 MP: 6/6
    44 | D:1      | Reached XP level 2. HP: 21/26 MP: 7/7
   249 | D:1      | Reached XP level 3. HP: 26/31 MP: 9/9
   254 | D:1      | Learned a level 3 spell: Spectral Weapon
   281 | D:1      | Reached skill level 5 in Spellcasting
   719 | D:1      | Reached skill level 1 in Invocations
  1357 | D:2      | Reached skill level 1 in Short Blades
  1357 | D:2      | Reached skill level 1 in Long Blades
  1357 | D:2      | Reached skill level 1 in Axes
  1357 | D:2      | Reached skill level 1 in Maces & Flails
  1357 | D:2      | Reached skill level 1 in Staves
  1357 | D:2      | Reached skill level 1 in Slings
  1357 | D:2      | Reached skill level 1 in Bows
  1357 | D:2      | Reached skill level 1 in Crossbows
  1357 | D:2      | Reached skill level 1 in Throwing
  1357 | D:2      | Reached skill level 1 in Stealth
  1357 | D:2      | Reached skill level 1 in Shields
  1357 | D:2      | Reached skill level 1 in Unarmed Combat
  1357 | D:2      | Reached skill level 1 in Evocations
  1451 | D:2      | Reached XP level 4. HP: 25/38 MP: 11/11
  1462 | D:2      | Learned a level 3 spell: Regeneration
  2040 | D:3      | Reached skill level 1 in Conjurations
  2040 | D:3      | Reached skill level 1 in Hexes
  2040 | D:3      | Reached skill level 1 in Summonings
  2040 | D:3      | Reached skill level 1 in Necromancy
  2040 | D:3      | Reached skill level 1 in Translocations
  2040 | D:3      | Reached skill level 1 in Transmutations
  2040 | D:3      | Reached skill level 1 in Fire Magic
  2040 | D:3      | Reached skill level 1 in Ice Magic
  2040 | D:3      | Reached skill level 1 in Air Magic
  2040 | D:3      | Reached skill level 1 in Earth Magic
  2040 | D:3      | Reached skill level 1 in Poison Magic
  2054 | D:3      | Reached XP level 5. HP: 25/43 MP: 6/12
  2692 | D:4      | Noticed an ogre
  2811 | D:4      | Killed an ogre
  2811 | D:4      | Reached XP level 6. HP: 17/50 MP: 4/13
  2846 | D:4      | Slain by a worker ant

Skill      XL: |  1  2  3  4  5 |
---------------+----------------+-----
Spellcasting   | 5 |  5.3
Invocations    | 1 2 |  2.0
Short Blades   | 1 |  1.8
Long Blades    | 1 |  1.8
Axes           | 1 |  1.8
Maces & Flails | 1 |  1.8
Staves         | 1 |  1.8
Slings         | 1 |  1.8
Bows           | 1 |  1.8
Crossbows      | 1 |  1.8
Throwing       | 1 |  1.8
Stealth        | 1 |  1.8
Shields        | 1 |  1.8
Unarmed Combat | 1 |  1.8
Evocations     | 1 |  1.8
Conjurations   | 1 |  1.4
Hexes          | 1 |  1.4
Summonings     | 1 |  1.4
Necromancy     | 1 |  1.4
Translocations | 1 |  1.4
Transmutations | 1 |  1.4
Fire Magic     | 1 |  1.4
Ice Magic      | 1 |  1.4
Air Magic      | 1 |  1.4
Earth Magic    | 1 |  1.4
Poison Magic   | 1 |  1.4
Armour         | 3 |  3.2
Fighting       | |  4.9
Polearms       | |  4.9
Dodging        | |  4.9
Charms         | |  5.6

Action                   |  1- 3 |  4- 6 || total
-------------------------+-------+-------++-------
Melee: Spear             |   154 |   112 ||   266
       Bite              |    11 |     8 ||    19
 Cast: Infusion          |     1 |       ||     1
       Spectral Weapon   |       |     4 ||     4
       Regeneration      |       |     1 ||     1
  Use: Potion            |     1 |       ||     1
       Scroll            |       |     3 ||     3
 Stab: Sleeping          |     4 |     5 ||     9
  Eat: Chunk             |     2 |     4 ||     6
Armor: Leather armour    |    23 |    11 ||    34
Dodge: Dodged            |    77 |    62 ||   139
